Semilg, neutral male human Priest --- |.| |.| |.| |.| ---- |.- |..| |. |.<------------. --..............- ---..---------.| |...| --.| --..| |.h--- |.------ |...j| |.|--..|--...@| |.--...|......| --- --......|.-....-- | |.....................@....| |..........................- --. | ---.......|.--.|.......| -- |..--..--------.------ -------- -- Semilg the Acolyte Experience level: 5 Strength: 10 Dexterity: 12 Constitution: 16 Intelligence: 17 Wisdom: 13 Charisma: 9 Health: 0(40) Energy: 40(40) Def: 6 Gold: 126 Moves: 2467 Dungeon seed: MnS_7sEaA-iOlpD_ Game ID: Semilg_1552747394 Your Inventory: Coins $ - 126 gold pieces Weapons a - a blessed +1 mace (weapon in hand) l - an uncursed +0 crossbow q - a blessed +4 aklys w - 20 uncursed +0 darts A - 4 uncursed +0 arrows C - an uncursed +1 bow E - an uncursed +0 orcish bow F - an uncursed +0 axe I - an uncursed +0 lucern hammer Armor r - an uncursed +0 dwarvish cloak (being worn) y - an uncursed +0 pair of iron shoes (being worn) z - an uncursed +0 dwarvish iron helm (being worn) N - an uncursed +0 dwarvish roundshield (being worn) Scrolls p - an uncursed scroll of scare monster s - an uncursed scroll of light H - a blessed scroll of confuse monster Spellbooks g - an uncursed spellbook of healing h - an uncursed spellbook of light i - an uncursed spellbook of cure blindness G - an uncursed spellbook of sleep Potions b - 3 potions of holy water t - an uncursed potion of paralysis Wands f - an uncursed wand of cancellation (0:1) o - an uncursed wand of enlightenment (0:11) v - an uncursed wand of striking (0:6) Tools j - an uncursed leash u - an uncursed +0 pick-axe Spells and supernatural/magical abilities: Name Level Category Fail Memory h - healing 1 healing 89% 88% l - light 1 divination 95% 88% B - cure blindness 2 healing 100% 88% W - pray for help -- divine ? -- X - turn undead -- divine ? -- Your skills at the end: Miscellaneous Skills shield [Basic] wands [Basic] Weapon Skills mace [Basic] Spellcasting Skills clerical spells [Basic] Final Attributes: You were devoutly aligned. You are dead. Vanquished creatures: a gnome king a bugbear an imp 3 gnome lords a gnomish wizard a kitten 4 dwarves a kobold lord a giant bat a gecko a yellow mold a red mold 15 gnomes 3 jackals a fox 2 sewer rats 3 grid bugs 2 lichens a kobold zombie 44 creatures vanquished. Voluntary challenges: You did not adorn yourself with jewelry or accessories. You did not cause conflict. You were not invisible. You did not have reflection. You were not displaced. You had been an atheist until turn 2161. You used a wielded weapon 82 times, starting on turn 144. You did not apply a unicorn horn. You did not use plumbed fixtures. You did not drink any magical draughts. You read items or engraved 2 times, starting on turn 500. You never genocided any monsters. You never polymorphed an object. You never changed form. You used no wishes. You never split a pudding. You never wrote Elbereth's name. You never violated your personal moral code. Dungeon overview: The Dungeons of Doom: levels 1 to 3 Level 1 a fountain a long staircase Level 2 a fountain stairs to The Gnomish Mines Level 3 The Gnomish Mines: levels 3 to 5 Level 3 stairs to The Dungeons of Doom Level 4 Level 5 <- You were here History has recorded: On T:1 you entered the Dungeons of Doom to retrieve the Amulet of Yendor! On T:187 you reached level 2 of The Dungeons of Doom. On T:641 you reached level 1 of The Gnomish Mines. On T:647 you advanced to experience level 2. On T:688 you reached level 3 of The Dungeons of Doom. On T:771 you advanced to experience level 3. On T:857 you advanced to experience level 4. On T:1182 you reached level 2 of The Gnomish Mines. On T:1194 you advanced to experience level 5. On T:1433 you reached level 3 of The Gnomish Mines. On T:2161 you prayed to Crom. Score breakdown: Gold: 126 ( 12 points) Experience: 5 levels ( 400 points) Exploration: 5 levels ( 120 points) Discoveries: 6 items ( 300 points) Variety of kills: 19 monsters ( 950 points) Major goal: (nothing yet) ( 0 points) Survival: died (score multiplied by 3) Total score: 5346 Latest messages: The quantum mechanic interacts with you! Your position suddenly seems very uncertain! You stop exploring. A board beneath you squeaks loudly. Nowhere else around here can be automatically explored. (2x) The quantum mechanic interacts with you! Your position suddenly seems very uncertain! You fall down the stairs. You stop exploring. The fox bites! You kill the fox! You stop exploring. You hit the blue jelly! The dwarf wields a dagger! You hit the blue jelly! (2x) You are suddenly very cold! You hit the blue jelly! You are suddenly very cold! You hit the blue jelly! You are suddenly very cold! You die... Final status: Goodbye Semilg the Priest, killed by a blue jelly... You died in The Gnomish Mines on dungeon level 5 with 5346 points, and 126 pieces of gold, after 2467 moves. You were level 5 with a maximum of 40 hit points when you died.